 Dungeon Crawl Stone Soup version 0.31-a0-851-g7ff8af7976 (webtiles) character file.

Game seed: 15518515753876844343

4 Aneyh the Ducker (level 1, -2/14 HPs)
             Began as a Tengu Monk on Oct 5, 2023.
             Slain by a goblin
             ... wielding a +2 dagger of venom
              (4 damage)
             ... on level 1 of the Dungeon.
             The game lasted 00:00:11 (26 turns).

Aneyh the Ducker (Tengu Monk)                         Turns: 26, Time: 00:00:11

Health: -2/14      AC:  2    Str: 11    XL:     1   Next: 70%
Magic:  2/2        EV: 10    Int: 10    God:
Gold:   0          SH:  0    Dex: 16    Spells: 0/0 levels left

rFire   . . .        a - +0 spear
rCold   . . .        (no shield)
rNeg    . . .        b - +0 robe
rPois   .            (helmet restricted)
rElec   .            (no cloak)
rCorr   .            (no gloves)
SInv    .            (boots unavailable)
Will    .....        (no amulet)
Stlth   +            (no ring)
HPRegen 0.22/turn    (no ring)
MPRegen 0.08/turn

%: acrobat
@: lethally poisoned (-2 -> -12), constricted
A: beak, talons 3, acrobatic
a: no special abilities


You were on level 1 of the Dungeon.
You visited 1 branch of the dungeon, and saw 1 of its levels.

Inventory:

Hand Weapons
 a - a +0 spear (weapon)
Armour
 b - a +0 robe (worn)
 d - an orb of light
Potions
 c - a potion of ambrosia


   Skills:
 + Level 3.1 Fighting
 + Level 3.4 Polearms
 + Level 3.4 Dodging


You couldn't memorise any spells.
You didn't know any spells.
Your spell library was empty.

Dungeon Overview and Level Annotations

Branches:
Dungeon (1/15)

Altars:


Innate Abilities, Weirdness & Mutations

You have a beak for a mouth.
You have claws for feet.
You can magically evade attacks while moving or waiting.


Message History

The jackal is almost dead.
The jackal bites you. The jackal misses you.
A goblin comes into view. It is wielding a +2 dagger of venom.
The goblin shouts!
You hit the jackal but do no damage.
The jackal is almost dead.
The jackal misses you. The jackal closely misses you.
The jackal bites you but does no damage.
The jackal completely misses you.
You hit the jackal.
You kill the jackal!
The rat twitches its whiskers.
The jackal barely misses you.
You miss the jackal. You claw the jackal.
You kill the jackal!
You hit the rat.
You kill the rat!
The ball python completely misses you. x4
Things that are here:
a rat corpse; a jackal corpse The goblin hits you but does no damage.
You are poisoned.
The ball python completely misses you. x2
You hit the ball python.
The ball python is moderately wounded.
You feel very sick.
The goblin hits you with a +2 dagger of venom.
You are lethally poisoned!
The ball python misses you. The ball python grabs you.
The ball python constricts you.
You hit the goblin.
The goblin is moderately wounded.
* * * LOW HITPOINT WARNING * * *
You feel very sick. The ball python bites you.
* * * LOW HITPOINT WARNING * * *
The ball python constricts you.
* * * LOW HITPOINT WARNING * * *
The goblin hits you with a +2 dagger of venom.
You die...

.....# #..#.#
# ###..#.##.
........
##.....##
##.......##
####>...g....#
.......@†....#
####...S.....#
##...†...##
##.....##
♣♣♣...♣♣♣
♣♣.......♣♣
♣♣.†.......♣
♣...)♣.♣....♣
♣.....⌠.....♣


You could see a goblin and a ball python.

Vanquished Creatures
  A bat (D:1)
  2 jackals (D:1)
  A rat (D:1)
4 creatures vanquished.

Notes
Turn   | Place    | Note
-------+----------+-------------------------------------------
     0 | D:1      | Aneyh the Tengu Monk began the quest for the Orb.
     0 | D:1      | Reached XP level 1. HP: 14/14 MP: 2/2
    26 | D:1      | Slain by a goblin

Illustrated notes

Levels and vault maps discovered:
D:1:      amcnicky_arrival_underground_garden, layout_loops_ring

Action                     || total
---------------------------++-------
  Melee: Spear             ||    10
         Kick              ||     1
         Peck              ||     1
 Armour: Robe              ||     7
  Dodge: Dodged            ||    20

Table legend: (Time is in decaauts)
 A = Elapsed time spent in this place.
 B = Non-inter-level travel time spent in this place.
 C = Inter-level travel time spent in this place.
 D = Time resting spent in this place.
 E = Time spent auto-exploring this place.
 F = Levels seen in this place.
 G = Mean time per level.
                   A        B        C        D        E       F      G
               +--------+--------+--------+--------+--------+-----+--------+
         Total |     25 |     25 |      0 |      0 |      0 |   1 |   25.0 |
       Dungeon |     25 |     25 |      0 |      0 |      0 |   1 |   25.0 |
               +--------+--------+--------+--------+--------+-----+--------+

Top non-repeatable levels by time:
     D:1: 25 daAuts
